[ AOE2 MATCH · #480650762 ]
1v1 RMBerbers vs Aztecs
Player's team · WIN
Rival team · LOSS
[ REPLAY ANALYSIS · EXTRACTED FROM THE RECORDED GAME ]
Feudal
13:58
Castle
18:28
Imperial
35:29
| APM avg | 21.1 |
| APM peak | 49 |
| eAPM avg | 15.0 |
| Villagers / military | 85 / 131 |
Focus
⚔️ 32.7% · 🌾 67.3%
Knight ×54 · Camel Archer ×45 · Fishing Ship ×18 · Scout Cavalry ×17 · Mangonel ×8 · Galley ×3
Feudal
13:16
Castle
21:24
Imperial
40:54
| APM avg | 34.4 |
| APM peak | 72 |
| eAPM avg | 17.1 |
| Villagers / military | 86 / 220 |
Focus
⚔️ 28.0% · 🌾 72.0%
Eagle Scout ×101 · Spearman ×57 · Skirmisher ×45 · Monk ×12 · Fishing Ship ×6 · Trebuchet (Packed) ×5
Match map
Initial resources + every placement click. Lines = walls · curves = elevation contours. ◆ gold · ⬟ stone · ● berries · ✦ relic · ◌ wall gap
Your base· Open — unwalled flank
Neg's base· Open — 5t gap
Smoothed initial terrain · ◌ = detected wall gap · hover for details
Inputs per minute
— fs19mehmet - - Neg
Build order — fs19mehmet
First 150 of 263 actions detected
| 0:22 | Build | Town Center |
| 0:59 | Build | House |
| 1:02 | Build | Dock |
| 2:26 | Create | Villager (Male) |
| 2:26 | Create | Villager (Male) |
| 2:27 | Create | Villager (Male) |
| 2:27 | Create | Villager (Male) |
| 2:27 | Create | Villager (Male) |
| 3:45 | Create | Fishing Ship |
| 4:02 | Create | Villager (Male) |
| 4:18 | Build | House |
| 4:31 | Research | Loom |
| 4:42 | Create | Fishing Ship |
| 4:54 | Create | Villager (Male) |
| 5:22 | Create | Villager (Male) |
| 5:40 | Create | Fishing Ship |
| 5:55 | Create | Villager (Male) |
| 6:06 | Build | House |
| 6:19 | Create | Villager (Male) |
| 6:29 | Create | Fishing Ship |
| 6:48 | Create | Villager (Male) |
| 7:04 | Create | Fishing Ship |
| 7:14 | Create | Villager (Male) |
| 7:30 | Create | Fishing Ship |
| 7:52 | Create | Villager (Male) |
| 8:00 | Build | House |
| 8:16 | Create | Villager (Male) |
| 8:23 | Build | House |
| 8:32 | Build | House |
| 8:35 | Create | Villager (Male) |
| 8:55 | Build | Mill |
| 9:04 | Create | Villager (Male) |
| 9:08 | Create | Fishing Ship |
| 9:43 | Create | Villager (Male) |
| 9:54 | Create | Villager (Male) |
| 10:13 | Create | Villager (Male) |
| 10:37 | Build | Dock |
| 10:45 | Create | Villager (Male) |
| 10:57 | Create | Fishing Ship |
| 11:12 | Create | Villager (Male) |
| 11:20 | Build | House |
| 11:22 | Build | House |
| 11:22 | Build | House |
| 11:30 | Create | Villager (Male) |
| 11:34 | Create | Fishing Ship |
| 11:42 | Research | Feudal Age |
| 12:08 | Build | Lumber Camp |
| 13:02 | Create | Fishing Ship |
| 13:10 | Create | Fishing Ship |
| 13:34 | Build | Mining Camp |
| 13:58 | Age | Feudal Age |
| 14:03 | Build | Blacksmith |
| 14:12 | Create | Villager (Male) |
| 14:16 | Research | Double-Bit Axe |
| 14:19 | Create | Villager (Male) |
| 14:30 | Create | Villager (Male) |
| 14:35 | Build | Market |
| 15:04 | Build | House |
| 15:06 | Build | House |
| 15:11 | Create | Villager (Male) |
| 15:19 | Create | Fishing Ship |
| 15:24 | Create | Fishing Ship |
| 15:48 | Research | Castle Age |
| 15:59 | Create | Fishing Ship |
| 16:25 | Build | Barracks |
| 16:48 | Build | Dock |
| 16:57 | Create | Fishing Ship |
| 17:38 | Build | Stable |
| 18:15 | Create | Fishing Ship |
| 18:28 | Age | Castle Age |
| 18:36 | Create | Scout Cavalry |
| 18:50 | Create | Villager (Male) |
| 18:50 | Create | Villager (Male) |
| 18:54 | Build | Town Center |
| 19:17 | Research | Fletching |
| 19:42 | Create | Villager (Male) |
| 19:55 | Create | Fishing Ship |
| 19:55 | Create | Fishing Ship |
| 20:17 | Build | Castle |
| 20:22 | Research | Bow Saw |
| 20:28 | Create | Villager (Male) |
| 20:28 | Create | Villager (Male) |
| 20:41 | Create | Galley |
| 20:41 | Create | Galley |
| 20:42 | Create | Galley |
| 21:00 | Research | Bodkin Arrow |
| 21:01 | Research | Padded Archer Armor |
| 21:30 | Create | Villager (Male) |
| 21:31 | Create | Villager (Male) |
| 21:41 | Build | Town Center |
| 21:46 | Create | Villager (Male) |
| 21:46 | Create | Villager (Male) |
| 21:49 | Create | Camel Archer |
| 21:49 | Create | Camel Archer |
| 21:49 | Create | Camel Archer |
| 22:10 | Create | Villager (Male) |
| 22:10 | Create | Villager (Male) |
| 22:22 | Research | War Galley (upgrade) |
| 22:33 | Create | Villager (Male) |
| 22:33 | Create | Villager (Male) |
| 22:34 | Create | Villager (Male) |
| 22:36 | Create | Camel Archer |
| 22:37 | Create | Camel Archer |
| 22:39 | Research | Bloodlines |
| 22:40 | Research | Husbandry |
| 23:20 | Build | Town Center |
| 23:25 | Create | Camel Archer |
| 23:26 | Create | Camel Archer |
| 23:40 | Create | Villager (Male) |
| 23:40 | Create | Villager (Male) |
| 24:03 | Create | Villager (Male) |
| 24:04 | Create | Villager (Male) |
| 24:04 | Create | Villager (Male) |
| 24:11 | Build | Monastery |
| 24:30 | Create | Villager (Male) ×5 |
| 24:50 | Build | Town Center |
| 24:56 | Create | Camel Archer |
| 24:56 | Create | Camel Archer |
| 24:59 | Research | Leather Archer Armor |
| 25:05 | Build | Archery Range |
| 25:11 | Create | Scout Cavalry |
| 25:19 | Research | Town Watch |
| 25:22 | Research | Wheelbarrow |
| 25:26 | Research | Town Watch |
| 25:31 | Create | Villager (Male) |
| 25:31 | Create | Villager (Male) |
| 25:31 | Create | Villager (Male) |
| 25:39 | Create | Villager (Male) |
| 25:50 | Create | Camel Archer |
| 25:51 | Create | Camel Archer |
| 26:02 | Create | Monk |
| 26:18 | Build | Stable |
| 26:55 | Build | University |
| 27:06 | Create | Knight |
| 27:07 | Create | Knight |
| 27:28 | Create | Villager (Male) ×5 |
| 27:33 | Research | Horse Collar |
| 28:11 | Build | Siege Workshop |
| 28:14 | Create | Camel Archer |
| 28:15 | Create | Camel Archer |
| 28:15 | Create | Camel Archer |
| 28:15 | Create | Camel Archer |
| 28:39 | Research | Ballistics |
| 28:44 | Build | House |
| 28:45 | Build | House |
| 28:45 | Build | House |
| 28:47 | Build | House |
| 29:02 | Build | Mining Camp |
| 29:07 | Research | Stone Mining |
| 29:11 | Build | Farm |
Build order — Neg
First 150 of 327 actions detected
| 0:27 | Build | House |
| 0:30 | Build | Dock |
| 0:36 | Build | Town Center |
| 2:34 | Create | Villager (Male) |
| 2:34 | Create | Villager (Male) |
| 2:35 | Create | Villager (Male) |
| 2:35 | Create | Villager (Male) |
| 3:44 | Create | Fishing Ship |
| 4:17 | Build | House |
| 4:19 | Create | Villager (Male) |
| 4:50 | Create | Villager (Male) |
| 4:59 | Build | House |
| 5:18 | Research | Loom |
| 5:33 | Create | Villager (Male) |
| 5:46 | Create | Fishing Ship |
| 6:06 | Build | House |
| 6:33 | Create | Villager (Male) |
| 6:36 | Create | Fishing Ship |
| 6:56 | Create | Villager (Male) |
| 7:29 | Create | Villager (Male) |
| 7:30 | Create | Villager (Male) |
| 7:53 | Create | Fishing Ship |
| 7:55 | Create | Villager (Male) |
| 8:33 | Create | Villager (Male) |
| 8:35 | Create | Fishing Ship |
| 8:49 | Build | House |
| 9:10 | Create | Villager (Male) |
| 9:22 | Build | Lumber Camp |
| 9:29 | Create | Villager (Male) |
| 10:07 | Create | Villager (Male) |
| 10:32 | Create | Fishing Ship |
| 10:53 | Build | Barracks |
| 10:57 | Create | Villager (Male) |
| 11:06 | Research | Feudal Age |
| 11:17 | Build | House |
| 11:19 | Build | House |
| 11:22 | Create | Villager (Male) |
| 11:43 | Build | House |
| 11:44 | Build | House |
| 11:47 | Create | Villager (Male) |
| 12:03 | Build | Mining Camp |
| 12:23 | Build | House |
| 12:53 | Create | Villager (Male) |
| 13:16 | Age | Feudal Age |
| 13:19 | Research | Tech 906 |
| 13:22 | Research | Double-Bit Axe |
| 13:32 | Build | Gate |
| 13:51 | Build | Gate |
| 13:52 | Build | House |
| 13:58 | Create | Villager (Male) |
| 14:13 | Create | Eagle Scout |
| 14:14 | Create | Eagle Scout |
| 14:30 | Build | Mill |
| 15:01 | Create | Villager (Male) |
| 15:11 | Build | Gate |
| 15:18 | Create | Villager (Male) |
| 15:34 | Build | Dock |
| 15:41 | Create | Villager (Male) |
| 16:01 | Build | Lumber Camp |
| 16:03 | Create | Villager (Male) |
| 16:13 | Create | Villager (Male) |
| 17:03 | Create | Villager (Male) |
| 17:13 | Build | Blacksmith |
| 17:27 | Create | Villager (Male) |
| 17:50 | Build | Market |
| 18:01 | Create | Villager (Male) |
| 18:02 | Create | Eagle Scout |
| 18:16 | Create | Unit 2626 |
| 18:42 | Create | Villager (Male) |
| 18:43 | Research | Castle Age |
| 19:06 | Research | Scale Mail Armor |
| 19:13 | Build | Barracks |
| 19:29 | Research | Forging |
| 19:40 | Build | House |
| 19:42 | Build | House |
| 19:50 | Build | House |
| 19:56 | Build | Stone Wall |
| 20:00 | Create | Villager (Male) |
| 20:01 | Create | Villager (Male) |
| 20:07 | Create | Eagle Scout ×4 |
| 21:14 | Create | Villager (Male) |
| 21:24 | Age | Castle Age |
| 21:32 | Build | Town Center |
| 21:41 | Build | Lumber Camp |
| 21:46 | Create | Villager (Male) |
| 21:47 | Create | Eagle Scout |
| 21:48 | Create | Eagle Scout |
| 21:51 | Research | Chain Mail Armor |
| 22:05 | Build | Barracks |
| 22:13 | Research | Squires |
| 22:18 | Create | Villager (Male) |
| 22:36 | Create | Villager (Male) |
| 22:45 | Build | Farm |
| 22:46 | Build | Farm |
| 22:46 | Build | Farm |
| 22:46 | Build | Farm |
| 22:47 | Build | Farm |
| 22:54 | Build | Farm |
| 23:02 | Research | Horse Collar |
| 23:04 | Create | Villager (Male) |
| 23:12 | Create | Villager (Male) |
| 23:20 | Build | Castle |
| 23:23 | Create | Villager (Male) |
| 23:38 | Build | Monastery |
| 24:00 | Create | Villager (Male) |
| 24:02 | Create | Villager (Male) |
| 24:09 | Build | Farm |
| 24:11 | Build | Farm |
| 24:13 | Build | Farm |
| 24:29 | Build | Mill |
| 24:39 | Create | Villager (Male) |
| 24:39 | Create | Villager (Male) |
| 24:40 | Create | Monk |
| 24:49 | Create | Villager (Male) |
| 24:54 | Create | Villager (Male) |
| 24:57 | Build | Farm |
| 25:02 | Build | Farm |
| 25:03 | Create | Villager (Male) |
| 25:04 | Build | Farm |
| 25:17 | Build | Gate |
| 25:18 | Build | Stone Wall |
| 25:20 | Create | Villager (Male) |
| 25:28 | Build | Farm |
| 25:32 | Build | Farm |
| 25:35 | Build | Farm |
| 25:37 | Create | Villager (Male) |
| 25:48 | Create | Villager (Male) |
| 25:50 | Create | Eagle Scout |
| 25:51 | Create | Eagle Scout |
| 25:52 | Research | Eagle Warrior (upgrade) |
| 26:00 | Research | Eagle Warrior (upgrade) |
| 26:02 | Create | Eagle Scout |
| 26:02 | Create | Eagle Scout |
| 26:27 | Research | Sanctity |
| 26:46 | Create | Villager (Male) |
| 26:49 | Build | Monastery |
| 26:53 | Build | Monastery |
| 26:58 | Create | Villager (Male) |
| 27:01 | Create | Villager (Male) |
| 27:12 | Create | Villager (Male) |
| 27:21 | Create | Villager (Male) |
| 27:29 | Build | Archery Range |
| 27:32 | Create | Villager (Male) |
| 27:33 | Create | Villager (Male) |
| 27:40 | Create | Villager (Male) |
| 27:53 | Create | Monk |
| 28:07 | Create | Monk |
| 28:10 | Research | Fervor |
| 28:10 | Create | Monk |
| 28:27 | Create | Villager (Male) |
Match timeline
| 0:30 | Neg · first_building Dock |
| 1:02 | fs19mehmet · first_building Dock |
| 10:53 | Neg · first_building Barracks |
| 13:16 | Neg · age_up feudal |
| 13:58 | fs19mehmet · age_up feudal |
| 16:25 | fs19mehmet · first_building Barracks |
| 17:38 | fs19mehmet · first_building Stable |
| 18:28 | fs19mehmet · age_up castle |
| 19:56 | Neg · wall_segment Stone Wall x1 |
| 20:17 | fs19mehmet · first_building Castle |
| 21:24 | Neg · age_up castle |
| 23:20 | Neg · first_building Castle |
| 23:38 | Neg · first_building Monastery |
| 24:11 | fs19mehmet · first_building Monastery |
| 25:05 | fs19mehmet · first_building Archery Range |
| 25:18 | Neg · wall_segment Stone Wall x6 |
| 27:29 | Neg · first_building Archery Range |
| 28:05 | Neg · first_market_sell 100 food |
| 28:11 | fs19mehmet · first_building Siege Workshop |
| 28:36 | fs19mehmet · first_market_sell 100 wood |
| 35:29 | fs19mehmet · age_up imperial |
| 37:21 | Neg · first_building Siege Workshop |
| 37:41 | Neg · first_market_buy 100 food |
| 40:54 | Neg · age_up imperial |
| 47:52 | Neg · resign |
[ AI ANALYSIS · 1 CREDIT ]
What really happened in this match?
Wolo.gg analyzes every decision: build order, eco, micro, common mistakes by bracket. Personalized analysis on WhatsApp or Discord in 30 seconds.
Civ guide
Berbers
Map guide
Nomad
Perfil
Jugador #4715313